 Dungeon Sprint DCSS version 0.29.1-15-g9cfb28693d (webtiles) character file.

Game seed: 1097559056747153673

49 Groucho the Magician (level 4, -4/35 HPs)
             Began as a Djinni Fire Elementalist on Apr 5, 2023.
             Slain by a water elemental (19 damage)
             ... in the Dungeon (Sprint III: "The Ten Rune Challenge").
             The game lasted 00:01:47 (955 turns).

Groucho the Magician (Djinni Fire Elementalist)      Turns: 955, Time: 00:01:48

Health: -4/35      AC:  3    Str:  7    XL:     4   Next: 1%
Gold:   39         EV: 13    Int: 19    God:
                   SH:  0    Dex: 13

rFire   + + .      SeeInvis .   (no weapon)
rCold   x . .      Faith    .   (no shield)
rNeg    . . .      Spirit   .   a - +0 robe
rPois   ∞          Reflect  .   (no helmet)
rElec   .          Harm     .   h - +0 cloak
rCorr   .          Rampage  .   (no gloves)
Will    .....      NoTele   +   (boots unavailable)
Stlth   ++........              (no amulet)
HPRegen 0.11/turn               (no ring)
MPRegen 0.00/turn               (no ring)

@: engulfed, flying
A: sickness immunity, fire resistance 2, cold vulnerability 1, float, innate
caster, HP casting, extra vitality 1
a: no special abilities


You were in the Dungeon.
You visited 1 branch You collected 39 gold pieces.

Inventory:

Armour
 a - a +0 robe (worn)
 h - a +0 cloak (worn)
Wands
 b - a wand of flame (19)
Scrolls
 f - a scroll of blinking
 i - a scroll of poison {unknown}
 j - 3 scrolls of identify
 l - a scroll of torment {unknown}
Potions
 c - a potion of heal wounds
 d - a potion of haste
 e - a potion of berserk rage
 g - 2 potions of brilliance {unknown}
 k - a potion of flight {unknown}
 m - a potion of lignification {unknown}
 n - 5 potions of mutation


   Skills:
 + Level 3.2 Fighting
 + Level 4.3 Dodging
 - Level 1.5 Stealth
 * Level 4.4 Spellcasting


You couldn't memorise any spells.
You knew the following spells:

 Your Spells              Type           Power      Damage    Failure   Level
a - Foxfire               Conj/Fire      84%        2x1d8     1%          1
b - Scorch                Fire           42%        2d7       3%          2
c - Conjure Flame         Conj/Fire      21%        6-21      6%          3
d - Inner Flame           Hex/Fire       21%        N/A       6%          3
e - Flame Wave            Conj/Fire      21%        2d8       21%         4
f - Magic Dart            Conj           84%        1d7       1%          1
Your spell library was empty.

Dungeon Overview and Level Annotations

Branches:
Dungeon (1/1)

Altars:


Innate Abilities, Weirdness & Mutations

You are immune to sickness and miasma.
You are immune to poison.
Your flesh is very heat resistant. (rF++)
You are vulnerable to cold. (rC-)
You float through the air rather than walking.
You learn spells naturally, not from books.
Your magical power is your life essence.
You have superior vitality. (+4 MHP)


Message History

You now have 21 gold pieces (gained 9).
i - a scroll labelled UTWINA GUZXIBET;
j - a scroll of identify
k - a silvery potion
Things that are here:
a potion of mutation; a potion of mutation
l - a scroll labelled ERPHOL LAEJY;
j - 3 scrolls of identify (gained 2)
m - a fuming coppery potion
Things that are here:
a potion of mutation; 2 potions of mutation You now have 39 gold pieces (gained 18).
There is an open door here.
Things that are here:
a potion of mutation; 2 potions of mutation
n - a potion of mutation;
n - 3 potions of mutation (gained 2)
n - 4 potions of mutation (gained 1);
n - 5 potions of mutation (gained 1)
There is an open door here.
As you open the door, it creaks loudly!
A water elemental comes into view.
The water elemental moves out of view.
The water elemental attacks as you move away!
The water elemental closely misses you.
Casting: Foxfire (safe; 1% risk of failure)
Confirm with . or Enter, or press ? or * to list all spells.
You conjure some foxfire!
The water elemental hits you.
The foxfire hits the water elemental but does no damage.
The foxfire hits the water elemental.
The water elemental is burned terribly!
The water elemental is moderately damaged.
The water elemental hits you!
The water elemental engulfs you in water!
Unknown command.
Casting: Foxfire (safe; 1% risk of failure)
Confirm with . or Enter, or press ? or * to list all spells.
You conjure some foxfire!
The water elemental hits you.
The foxfire hits the water elemental!
The water elemental is burned terribly!
The water elemental is heavily damaged.
The foxfire hits the water elemental.
The water elemental is burned terribly!
The water elemental is severely damaged.
The water elemental hits you!!
Ouch! That really hurt!
You die...

▓▓▓▓▓▓▓▓▓ ▓▓▓
▓<..#...#### ##.#
▓...#......#####..#
▓..##.v.....#..#..#
▓##.##.##...#..#..###+#+#
##.##.###..##'#..#......
▓#.####.##..###...'.⌠....
▓.###..##.÷####...#...##
▓#.....##..###@E..# .#
###..##...##§....#
##†.##....#..)...#
#..###..##.#.....# #..#
#..#####....# ▓▓▓▓ ▓▓▓▓
▓▓▓▓▓▓


You could see a water elemental.

Vanquished Creatures
  Crazy Yiuf (D)
  A human (D)
  An endoplasm (D)
  3 rats (D)
6 creatures vanquished.

Vanquished Creatures (others)
  33 foxfires (D)
33 creatures vanquished.

Grand Total: 39 creatures vanquished

Notes
Turn   | Place    | Note
-------+----------+-------------------------------------------
     0 | D        | Groucho the Djinni Fire Elementalist began the quest for
                  | the Orb.
     0 | D        | Groucho set off with the following spells memorised:
                  | Foxfire, Scorch, Conjure Flame, Inner Flame, Flame Wave.
     0 | D        | Reached XP level 1. HP: 15/15 MP: 0/0
    26 | D        | Reached skill level 1 in Fighting
   107 | D        | Reached XP level 2. HP: 7/24 MP: 0/0
   107 | D        | Reached XP level 3. HP: 8/29 MP: 0/0
   107 | D        | Learned a level 1 spell: Magic Dart
   454 | D        | Noticed Crazy Yiuf
   462 | D        | Killed Crazy Yiuf
   463 | D        | Reached XP level 4. HP: 4/35 MP: 0/0
   947 | D        | Noticed a water elemental
   955 | D        | Slain by a water elemental

Illustrated notes

Levels and vault maps discovered:
D:        dungeon_sprint_mu [sprint_mu_entry_cave, sprint_mu_temple_rooms,
          sprint_mu_d1_horrors, sprint_mu_d2_genie, sprint_mu_d3_branching,
          sprint_mu_orc_legion, sprint_mu_elf_gauntlet, sprint_mu_hive_nellie,
          sprint_mu_lair_fedhas, sprint_mu_vaults_butterflies,
          sprint_mu_slime_circle, sprint_mu_swamp_cave, sprint_mu_snake_twists,
          sprint_mu_blade_basic, sprint_mu_crypt_chambers,
          sprint_mu_tomb_spiral, sprint_mu_vestibule_basic,
          sprint_mu_gehenna_hellfire, sprint_mu_dis_giant,
          sprint_mu_tartarus_statrot, sprint_mu_cocytus_islands, sprint_mu_zot1]

Skill      XL: |  1  2  3 |
---------------+----------+-----
Fighting       | 2 3 |  3.2
Dodging        | 3 4 |  4.3
Spellcasting   | 3 4 |  4.4
Stealth        | |  1.5

Action                   |  1- 3 |  4- 6 || total
-------------------------+-------+-------++-------
 Cast: Foxfire           |    16 |     2 ||    18
  Use: Potion            |     1 |       ||     1
Armor: Robe              |     1 |       ||     1
Dodge: Dodged            |    10 |     1 ||    11
